TOP OF THE 1ST |
El Dorado Oilers batting - Pitching for New Orleans Looters : LHP Holden Clark
|
Pitching: LHP Holden Clark
|
|
Batting: LHB Mathew Clayton
|
0-0: Ball 1-0: Ball 2-0: Foul Ball, location: 2F 2-1: Ball 3-1: Foul Ball, location: 2F 3-2: Base on Balls
|
Batting: RHB José Montoya
|
0-0: Ball 1-0: Foul Ball, location: 2F 1-1: Called Strike Mathew Clayton steals 2nd base 1-2: Fly out, F8 (Flyball, 8LXD) Runner from 2nd tags up, SAFE at 3rd, no throw
|
Batting: LHB José Hernández
|
0-0: Swinging Strike 0-1: Ball 1-1: Called Strike 1-2: Ball 2-2: Ball 3-2: Fly out, F7 (Flyball, 78M) Runner from 3rd tags up, SCORES, no throw
|
Batting: RHB Ernesto Acosta
|
0-0: Called Strike 0-1: Called Strike 0-2: Ball 1-2: Ball 2-2: Foul Ball, location: 2F 2-2: Ball 3-2: Strikes out swinging
|
Top of the 1st over - 1 run, 0 hits, 0 errors, 0 left on base; El Dorado 1 - New Orleans 0 |
BOTTOM OF THE 1ST |
New Orleans Looters batting - Pitching for El Dorado Oilers : RHP Francisco Ríos
|
Pitching: RHP Francisco Ríos
|
|
Batting: LHB Miguel Colón
|
0-0: Ball 1-0: Foul Ball, location: 2F 1-1: Swinging Strike 1-2: Foul Ball, location: 2F 1-2: Ball 2-2: Ground out 5-3 (Groundball, 56)
|
Batting: RHB Rubén Vázquez
|
0-0: Called Strike 0-1: Ball 1-1: Foul Ball, location: 2F 1-2: Ball 2-2: Strikes out looking
|
Batting: SHB Arturo Sánchez
|
0-0: Called Strike 0-1: Swinging Strike 0-2: Ball 1-2: Foul Ball, location: 2F 1-2: Strikes out looking
|
Bottom of the 1st over - 0 runs, 0 hits, 0 errors, 0 left on base; El Dorado 1 - New Orleans 0 |
TOP OF THE 2ND |
El Dorado Oilers batting - Pitching for New Orleans Looters : LHP Holden Clark
|
Batting: RHB Bob Johnson
|
0-0: Called Strike 0-1: Ball 1-1: Ball 2-1: Foul Ball, location: 2F 2-2: Foul Ball, location: 2F 2-2: Ball 3-2: Foul Ball, location: 2F 3-2: Foul Ball, location: 2F 3-2: Foul Ball, location: 2F 3-2: Foul Ball, location: 2F 3-2: Fly out, F3 (Popup, 34S)
|
Batting: RHB Sixto Vélez
|
0-0: Ball 1-0: Ball 2-0: Ground out 1-3 (Groundball, P)
|
Batting: LHB Chris Miller
|
0-0: Called Strike 0-1: Ground out U3 (Groundball, 3)
|
Top of the 2nd over - 0 runs, 0 hits, 0 errors, 0 left on base; El Dorado 1 - New Orleans 0 |
BOTTOM OF THE 2ND |
New Orleans Looters batting - Pitching for El Dorado Oilers : RHP Francisco Ríos
|
Batting: LHB Taylor Smith
|
0-0: Called Strike 0-1: Swinging Strike 0-2: Ball 1-2: Fly out, F8 (Flyball, 8RD)
|
Batting: SHB Oliver Deleón
|
0-0: Foul Ball, location: 2F 0-1: Foul Ball, location: 2F 0-2: Foul Ball, location: 2F 0-2: Ball 1-2: Fly out, F4 (Popup, 4S)
|
Batting: RHB Dave O'Loan
|
0-0: Ball 1-0: Called Strike 1-1: Ball 2-1: Ball 3-1: Reached on error, E5 (Groundball, 56)
|
Batting: RHB Greg Handrahan
|
0-0: Called Strike 0-1: Fly out, F6 (Popup, P)
|
Bottom of the 2nd over - 0 runs, 0 hits, 1 error, 1 left on base; El Dorado 1 - New Orleans 0 |
TOP OF THE 3RD |
El Dorado Oilers batting - Pitching for New Orleans Looters : LHP Holden Clark
|
Batting: RHB José Carlos Caraballo
|
0-0: Ball 1-0: Called Strike 1-1: Ball 2-1: Ball 3-1: SINGLE (Groundball, 4MD)
|
Batting: LHB José Rivera
|
0-0: Ball 1-0: Called Strike 1-1: Ball 2-1: Fly out, F1 (Line Drive, 13)
|
Batting: LHB Mathew Clayton
|
0-0: Called Strike José Carlos Caraballo steals 2nd base 0-1: Swinging Strike 0-2: Ball 1-2: Ball 2-2: Fly out, F7 (Flyball, 7S)
|
Batting: RHB José Montoya
|
0-0: SINGLE (Groundball, 6MD) José Carlos Caraballo to third Runner from 3rd tries for Home, SAFE, no throw
|
Batting: LHB José Hernández
|
0-0: Ball 1-0: Called Strike 1-1: Ball 2-1: Fly out, F9 (Flyball, 89M)
|
Top of the 3rd over - 1 run, 2 hits, 0 errors, 1 left on base; El Dorado 2 - New Orleans 0 |
BOTTOM OF THE 3RD |
New Orleans Looters batting - Pitching for El Dorado Oilers : RHP Francisco Ríos
|
Batting: RHB Ramón Hernández
|
0-0: Called Strike 0-1: Ground out 6-3 (Groundball, 6)
|
Batting: RHB Run-ming Zhu
|
0-0: Called Strike 0-1: Ground out 6-3 (Groundball, 6M)
|
Batting: LHB Miguel Colón
|
0-0: Called Strike 0-1: Called Strike 0-2: Ball 1-2: Ball 2-2: Ball 3-2: SINGLE (Groundball, 56) (infield hit)
|
Batting: RHB Rubén Vázquez
|
0-0: Called Strike 0-1: Ball 1-1: Foul Ball, location: 2F 1-2: Foul Ball, location: 2F 1-2: Fly out, F6 (Popup, 6S)
|
Bottom of the 3rd over - 0 runs, 1 hit, 0 errors, 1 left on base; El Dorado 2 - New Orleans 0 |
TOP OF THE 4TH |
El Dorado Oilers batting - Pitching for New Orleans Looters : LHP Holden Clark
|
Batting: RHB Ernesto Acosta
|
0-0: Called Strike 0-1: Ground out 4-3 (Groundball, 4)
|
Batting: RHB Bob Johnson
|
0-0: Ball 1-0: Called Strike 1-1: Fly out, F9 (Flyball, 9S)
|
Batting: RHB Sixto Vélez
|
0-0: Ball 1-0: Foul Ball, location: 2F 1-1: Swinging Strike 1-2: Ball 2-2: Strikes out looking
|
Top of the 4th over - 0 runs, 0 hits, 0 errors, 0 left on base; El Dorado 2 - New Orleans 0 |
BOTTOM OF THE 4TH |
New Orleans Looters batting - Pitching for El Dorado Oilers : RHP Francisco Ríos
|
Batting: SHB Arturo Sánchez
|
0-0: Ball 1-0: Ball 2-0: Called Strike 2-1: Called Strike 2-2: Foul Ball, location: 2F 2-2: Ball 3-2: Base on Balls
|
Batting: LHB Taylor Smith
|
0-0: Ball 1-0: Ball 2-0: Ground out 6-3 (Groundball, 6MS) Arturo Sánchez to second
|
Batting: SHB Oliver Deleón
|
0-0: Fly out, F7 (Flyball, 7D)
|
Batting: RHB Dave O'Loan
|
0-0: Called Strike 0-1: Foul Ball, location: 2F 0-2: Ball 1-2: Foul Ball, location: 2F 1-2: DOUBLE (Flyball, 78XD) Arturo Sánchez scores
|
Batting: RHB Greg Handrahan
|
0-0: Ball 1-0: Ground out 4-3 (Groundball, 4)
|
Bottom of the 4th over - 1 run, 1 hit, 0 errors, 1 left on base; El Dorado 2 - New Orleans 1 |
TOP OF THE 5TH |
El Dorado Oilers batting - Pitching for New Orleans Looters : LHP Holden Clark
|
Batting: LHB Chris Miller
|
0-0: Called Strike 0-1: Ground out 4-3 (Groundball, 4M)
|
Batting: RHB José Carlos Caraballo
|
0-0: Ball 1-0: Ball 2-0: Ball 3-0: Called Strike 3-1: Base on Balls
|
Batting: LHB José Rivera
|
0-0: Ball 1-0: SINGLE (Groundball, 56D) José Carlos Caraballo to second
|
Batting: LHB Mathew Clayton
|
0-0: Foul Ball, location: 2F 0-1: Grounds into double play, 4-6-3 (Groundball, 4)
|
Top of the 5th over - 0 runs, 1 hit, 0 errors, 1 left on base; El Dorado 2 - New Orleans 1 |
BOTTOM OF THE 5TH |
New Orleans Looters batting - Pitching for El Dorado Oilers : RHP Francisco Ríos
|
Batting: RHB Ramón Hernández
|
0-0: Ball 1-0: Called Strike 1-1: Foul Ball, location: 2F 1-2: Strikes out swinging
|
Batting: RHB Run-ming Zhu
|
0-0: Fly out, F5 (Popup, 56S)
|
Batting: LHB Miguel Colón
|
0-0: Ground out 1-3 (Groundball, 13S)
|
Bottom of the 5th over - 0 runs, 0 hits, 0 errors, 0 left on base; El Dorado 2 - New Orleans 1 |
TOP OF THE 6TH |
El Dorado Oilers batting - Pitching for New Orleans Looters : LHP Holden Clark
|
Batting: RHB José Montoya
|
0-0: Called Strike 0-1: Fly out, F9 (Flyball, 89M)
|
Batting: LHB José Hernández
|
0-0: Ball 1-0: Foul Ball, location: 2F 1-1: Ball 2-1: Fly out, F8 (Flyball, 8RM)
|
Batting: RHB Ernesto Acosta
|
0-0: Ground out 3-1 (Groundball, 34S)
|
Top of the 6th over - 0 runs, 0 hits, 0 errors, 0 left on base; El Dorado 2 - New Orleans 1 |
BOTTOM OF THE 6TH |
New Orleans Looters batting - Pitching for El Dorado Oilers : RHP Francisco Ríos
|
Batting: RHB Rubén Vázquez
|
0-0: Ball 1-0: Ground out 4-3 (Groundball, 4)
|
Batting: SHB Arturo Sánchez
|
0-0: Swinging Strike 0-1: Ball 1-1: Ball 2-1: Called Strike 2-2: Ball 3-2: Foul Ball, location: 2F 3-2: Foul Ball, location: 2F 3-2: Fly out, F4 (Popup, 4)
|
Batting: LHB Taylor Smith
|
0-0: Foul Ball, location: 2F 0-1: SINGLE (Line Drive, 9S)
|
Batting: SHB Oliver Deleón
|
0-0: Ground out 5-3 (Groundball, 56S)
|
Bottom of the 6th over - 0 runs, 1 hit, 0 errors, 1 left on base; El Dorado 2 - New Orleans 1 |
TOP OF THE 7TH |
El Dorado Oilers batting - Pitching for New Orleans Looters : LHP Holden Clark
|
Pitching: LHP Tadao Yoshida
|
|
Batting: RHB Bob Johnson
|
0-0: Foul Ball, location: 2F 0-1: Ball 1-1: Foul Ball, location: 2F 1-2: Ground out 4-3 (Groundball, 4S)
|
Batting: RHB Sixto Vélez
|
0-0: Swinging Strike 0-1: Ball 1-1: Swinging Strike 1-2: Ball 2-2: Ball 3-2: Foul Ball, location: 2F 3-2: Ground out 5-3 (Groundball, 56)
|
Batting: LHB Chris Miller
|
0-0: Called Strike 0-1: Ball 1-1: Called Strike 1-2: Ball 2-2: Strikes out looking
|
Top of the 7th over - 0 runs, 0 hits, 0 errors, 0 left on base; El Dorado 2 - New Orleans 1 |
BOTTOM OF THE 7TH |
New Orleans Looters batting - Pitching for El Dorado Oilers : RHP Francisco Ríos
|
Pitching: RHP Ken Lyons
|
|
Batting: RHB Dave O'Loan
|
0-0: Ball 1-0: Foul Ball, location: 2F 1-1: Foul Ball, location: 2F 1-2: Foul Ball, location: 2F 1-2: Ball 2-2: Foul Ball, location: 2F 2-2: Foul Ball, location: 2F 2-2: Ball 3-2: Base on Balls
|
Batting: RHB Greg Handrahan
|
0-0: Sac Bunt - play at first, batter OUT! 3-4 Dave O'Loan to second
|
Batting: RHB Ramón Hernández
|
0-0: Ball 1-0: Called Strike 1-1: Ball 2-1: Ball 3-1: Foul Ball, location: 2F 3-2: Foul Ball, location: 2F 3-2: Strikes out swinging
|
Batting: RHB Run-ming Zhu
|
0-0: Ball 1-0: Fly out, F7 (Flyball, 7D)
|
Bottom of the 7th over - 0 runs, 0 hits, 0 errors, 1 left on base; El Dorado 2 - New Orleans 1 |
TOP OF THE 8TH |
El Dorado Oilers batting - Pitching for New Orleans Looters : LHP Tadao Yoshida
|
Batting: RHB José Carlos Caraballo
|
0-0: Ball 1-0: Foul Ball, location: 2F 1-1: Ball 2-1: Foul Ball, location: 2F 2-2: Ball 3-2: Fly out, F8 (Flyball, 8RD)
|
Batting: LHB José Rivera
|
0-0: Ball 1-0: Called Strike 1-1: Swinging Strike 1-2: Ball 2-2: Strikes out looking
|
Batting: LHB Mathew Clayton
|
0-0: Swinging Strike 0-1: Ball 1-1: Foul Ball, location: 2F 1-2: Foul Ball, location: 2F 1-2: Fly out, F7 (Line Drive, 7)
|
Top of the 8th over - 0 runs, 0 hits, 0 errors, 0 left on base; El Dorado 2 - New Orleans 1 |
BOTTOM OF THE 8TH |
New Orleans Looters batting - Pitching for El Dorado Oilers : RHP Ken Lyons
|
Batting: LHB Miguel Colón
|
0-0: Called Strike 0-1: Fly out, F5 (Line Drive, 6S)
|
Batting: RHB Rubén Vázquez
|
0-0: Called Strike 0-1: DOUBLE (Line Drive, 7LS)
|
Pitching: RHP César López
|
|
Batting: SHB Arturo Sánchez
|
0-0: Fly out, F7 (Flyball, 78D)
|
Batting: LHB Taylor Smith
|
0-0: Ball 1-0: Fly out, F8 (Flyball, 8LS)
|
Bottom of the 8th over - 0 runs, 1 hit, 0 errors, 1 left on base; El Dorado 2 - New Orleans 1 |
TOP OF THE 9TH |
El Dorado Oilers batting - Pitching for New Orleans Looters : LHP Tadao Yoshida
|
Pitching: LHP Juan Méndez
|
|
Batting: RHB José Montoya
|
0-0: Ball 1-0: Called Strike 1-1: SINGLE (Groundball, 6) (infield hit)
|
Batting: LHB José Hernández
|
0-0: Ball 1-0: Called Strike 1-1: Ball José Montoya steals 2nd base 2-1: Called Strike 2-2: Ground out 4-3 (Groundball, 4) José Montoya to third
|
Batting: RHB Ernesto Acosta
|
0-0: Ball 1-0: Ball 2-0: Ball 3-0: Called Strike 3-1: Swinging Strike 3-2: Foul Ball, location: 2F 3-2: Foul Ball, location: 2F 3-2: Strikes out looking
|
Batting: RHB Bob Johnson
|
0-0: Swinging Strike 0-1: Swinging Strike 0-2: Ball 1-2: Ball 2-2: Ball 3-2: Base on Balls
|
Batting: RHB Sixto Vélez
|
0-0: Ball 1-0: Foul Ball, location: 2F 1-1: Called Strike 1-2: Foul Ball, location: 2F 1-2: SINGLE (Line Drive, 78S) José Montoya scores Bob Johnson to second
|
Batting: LHB Chris Miller
|
0-0: Foul Ball, location: 2F 0-1: Ball 1-1: Ball 2-1: Foul Ball, location: 2F 2-2: Foul Ball, location: 2F 2-2: Fly out, F4 (Line Drive, 4MD)
|
Top of the 9th over - 1 run, 2 hits, 0 errors, 2 left on base; El Dorado 3 - New Orleans 1 |
BOTTOM OF THE 9TH |
New Orleans Looters batting - Pitching for El Dorado Oilers : RHP César López
|
Pitching: RHP Kuang-yin Yue
|
|
Now in RF: Tony Hernández
|
|
Batting: SHB Oliver Deleón
|
0-0: Foul Ball, location: 2F 0-1: Ball 1-1: Ground out 6-3 (Groundball, 6M)
|
Batting: RHB Dave O'Loan
|
0-0: Called Strike 0-1: Ball 1-1: Ball 2-1: Ball 3-1: Foul Ball, location: 2F 3-2: Base on Balls
|
Batting: RHB Greg Handrahan
|
0-0: Grounds into double play, 4-6-3 (Groundball, 4)
|
Bottom of the 9th over - 0 runs, 0 hits, 0 errors, 0 left on base; El Dorado 3 - New Orleans 1 |
|